[Event "Karel Janecek Open 2025"]
[Site "Prague"]
[Date "2025.02.27"]
[Round "1.1"]
[White "Pechac, Jergus"]
[Black "Durana, Jonas"]
[Result "1-0"]
[Annotator "TA"]
[ECO "B90"]
[WhiteElo "2603"]
[BlackElo "2006"]
[PlyCount "65"]
[EventDate "2025.02.21"]
[EventType "swiss"]
[EventCountry "CZE"]
[SourceTitle "playchess.com"]
[Source "ChessBase"]
[SourceQuality "1"]
[TimeControl "40/5400+30:1800+30"]

1. e4 c5 2. Nf3 d6 3. d4 cxd4 4. Nxd4 Nf6 5. Nc3 a6 6. h3 e5 7. Nf3 {[%emt 0:00:11] Recently 7.Nb3 got a lot of attention. B90: Sicilian Najdorf: Unusual White 6th moves, 6 Be3 Ng4 and 6 Be3 e5.} Be7 8. g4 h6 9. Be3 {[%emt 0:00:11] The position is equal.} Qc7 10. g5 hxg5 11. Nxg5 b5 12. Qf3 Bb7 13. O-O-O Nbd7 14. h4 $146 {[%emt 0:05:41] [#]} (14. Nd5 $11 {keeps the balance.} Bxd5 15. exd5) (14. Kb1 Rc8 15. Bd3 Nc5 16. Bxc5 Qxc5 17. h4 Bd8 18. h5 Rh6 19. Nd5 Bxd5 20. exd5 {½-½ Colotti,C (1935)-Kregelin,J (2335) Champion's League 2021/C8 email}) 14... b4 (14... Rc8 $1 $17 {And now ...b4 would win.} 15. Bd3 g6) 15. Nd5 $14 Bxd5 {[%emt 0:00:07] A sharp opening} 16. exd5 a5 (16... Rb8 $14) 17. Bb5 $16 Kf8 (17... a4 $14) 18. h5 $40 {[%emt 0:05:44][%cal Oh5h6][%mdl 128] White is out for blood.} a4 19. h6 {[%emt 0:00:33] Threatening mate with hxg7+.} g6 {[%emt 0:01:43][%csl Oh6] White has a strong passed pawn} 20. Rh4 {[%emt 0:05:24][%cal Oh4c4] Chess con chili. White has more active pieces.} a3 $2 (20... b3 $16 21. Rc4 (21. Bxa4 $2 Qxc2#) 21... Qa5 22. Rxa4 (22. Bxa4 $2 bxa2 23. b4 a1=Q+ $19) 22... Qxa4 23. Bxa4 bxa2) 21. Rxb4 (21. b3 $18) 21... axb2+ 22. Rxb2 (22. Kxb2 Qa5 23. Rb3 Qxa2+ 24. Kc1 e4 $11 (24... Rxh6 $2 25. Ne6+ Kg8 26. Bxh6 $18)) 22... Nc5 (22... Rxh6 $2 {is the wrong capture.} 23. Ne6+ fxe6 24. Bxh6+ Kg8 25. Rg1 $18 (25. dxe6 e4 $18)) (22... e4 $142 23. Qf4 (23. Nxe4 Ne5 $18) 23... Ne5) 23. Bc6 {[%emt 0:06:15] This pair of bishops is nice.} Ra3 {[%emt 0:00:43] [#]} 24. h7 $2 Bd8 $2 {[%emt 0:07:31][%mdl 8192] [#]} (24... Kg7 $16) 25. Ne6+ $1 fxe6 {[%emt 0:01:38] White has a decisive advantage.} 26. Bh6+ Kf7 27. Qxa3 Rxh7 28. Be3 exd5 29. Bxd5+ Nxd5 30. Rxd5 Ne4 31. Rb3 {[%emt 0:02:03] Rdb5 is the strong threat. Prevents Nc3.} Ke6 32. Rd1 Qc6 {[%emt 0:00:47] Inhibits Qa4.} 33. Rbd3 {[%emt 0:03:40] Weighted Error Value: White=0.45/Black=0.42  Loses game:     	---       	Black=2      Mistake:       	White=3     	Black=4      OK:         	White=8     	Black=10     Best:        	White=2     	Black=3} 1-0

[Event "Karel Janecek Open 2025"]
[Site "Prague"]
[Date "2025.02.27"]
[Round "1.2"]
[White "Hrbolka, Ladislav"]
[Black "Nyzhnyk, Illya"]
[Result "0-1"]
[Annotator "TA"]
[ECO "E92"]
[WhiteElo "2004"]
[BlackElo "2569"]
[PlyCount "62"]
[EventDate "2025.02.21"]
[EventType "swiss"]
[EventCountry "CZE"]
[SourceTitle "playchess.com"]
[Source "ChessBase"]
[SourceQuality "1"]
[TimeControl "40/5400+30:1800+30"]

1. d4 Nf6 2. c4 g6 3. Nc3 Bg7 4. e4 d6 5. Be2 O-O 6. Be3 c6 7. Nf3 e5 8. O-O Ng4 9. Bg5 f6 10. Bc1 Qe7 $5 {[%emt 0:01:48][%mdl 4] A promising side line.} 11. h3 {[%emt 0:02:21] E92: King's Indian: Classical: 6 Be2 e5: 7 dxe5, 7 Be3 and Petrosian System without 7...Nbd7.} Nh6 12. b4 $146 (12. Be3 Nd7 13. Qc1 Nf7 14. b4 f5 15. dxe5 dxe5 16. c5 f4 17. Bd2 h5 18. b5 {1-0 Srdanovic,J (2207)-Toth,D (2043) Senta Fantastico GM Mix 02 2025 (2)}) 12... Nf7 13. dxe5 {[%emt 0:06:50] White is slightly better.} dxe5 14. Rb1 Be6 15. Be3 Nd7 {[%emt 0:00:52][%cal Bb8d7,Bd7f6,Bf6d5,Bd5f4][%mdl 32] Repels Bc5} 16. Nd2 f5 17. f3 Rfd8 18. Nd5 cxd5 $17 19. cxd5 {[%emt 0:01:10] [#]} Bxd5 20. exd5 Nf6 21. Qb3 (21. Bc5 $142 Qd7 22. Qb3) 21... Nxd5 22. Bc5 (22. Nc4 $17 {is a better defense.}) 22... Qg5 $19 23. Bc4 $2 {[%emt 0:00:52] [#]} (23. Rf2 {is more resistant.} Nf4 (23... Qxd2 24. Bc4 $15) 24. Be3) 23... Nf4 $1 {[%emt 0:00:42][%csl Gf4][%cal Rg5g2] Black is clearly winning.} 24. Bxf7+ (24. Rf2 Nxh3+) 24... Kh8 25. Rf2 Nxh3+ 26. Kf1 Nxf2 27. Bxf2 Rxd2 28. Qe3 Qd8 29. Bb3 Rc8 30. Kg1 {[%emt 0:02:24] [#]} e4 $1 {[%emt 0:00:08] And now ...Rc3 would win.} 31. Kh1 (31. Qf4 Qd3) 31... Rc3 {[%emt 0:01:18] White got outplayed after the opening.   Weighted Error Value: White=1.11/Black=0.06 (flawless)   Mistake:       	White=4     	---        Inaccurate:     	White=3     	Black=1      OK:         	White=5     	Black=11     Strong:       	---       	Black=1      Brilliant:      	---       	Black=1} 0-1

[Event "Karel Janecek Open 2025"]
[Site "Prague"]
[Date "2025.02.27"]
[Round "1.3"]
[White "Grigoryan, Karen H."]
[Black "Ejsymont, Blanka"]
[Result "1-0"]
[Annotator "TA"]
[ECO "B10"]
[WhiteElo "2554"]
[BlackElo "2003"]
[PlyCount "87"]
[EventDate "2025.02.21"]
[EventType "swiss"]
[EventCountry "CZE"]
[SourceTitle "playchess.com"]
[Source "ChessBase"]
[SourceQuality "1"]
[TimeControl "40/5400+30:1800+30"]

1. e4 c6 2. Ne2 d5 3. e5 Bg4 4. h3 Bh5 5. d4 e6 6. c3 {[%emt 0:00:34] B10: Caro-Kann: 2 d3 and 2 c4.} Nd7 7. Be3 $146 (7. Qb3 $14) (7. Qb3 Qb6 8. Nf4 Bg6 9. h4 Bxb1 10. Rxb1 Qxb3 11. axb3 c5 12. Bb5 cxd4 13. cxd4 {½-½ Barboza,M (1852)-Martinez Fernandez,F (1885) Montevideo Nazzari Memorial 2019 (6)}) 7... Ne7 8. g4 {[%emt 0:00:48] The position is equal.} Bg6 9. Ng3 c5 10. Nd2 (10. f4 $11) 10... Nc6 $15 {[%emt 0:03:17] ...cxd4 would now be deadly.} 11. f4 h6 (11... f6 $15) 12. f5 $14 Bh7 13. Nf3 Qb6 14. Qe2 cxd4 15. cxd4 Bb4+ 16. Kf2 O-O-O 17. Bg2 (17. Kg2 $16) 17... exf5 (17... Kb8 $11) 18. gxf5 g6 (18... Kb8 $14) 19. f6 $16 (19. Bxh6 Ndxe5 (19... gxf5 20. Rhd1 $15) (19... Nxd4 20. Nxd4 Qxd4+ 21. Be3 $17) 20. Rhc1 Rhe8 21. Nxe5 Qxd4+ (21... gxf5 $2 22. Kf1 $18) 22. Kf1 Rxe5 $19) 19... g5 20. Rhc1 ({White should try} 20. a3 $16 Bf8 21. a4) 20... Kb8 {[%emt 0:01:17] [#]} 21. a3 $1 Bf8 {[%emt 0:00:55][%csl Of8] Black has a bad bishop} 22. b4 a6 23. Kg1 Qb5 24. Qf2 (24. Qxb5 $16 axb5 25. Kf2) 24... Bd3 (24... Nb6 $1 $14 25. Bf1 Qa4) 25. Rc3 Nb6 26. Rd1 Bc4 27. Nf5 $36 {[%emt 0:02:34][%mdl 2048] White is on the roll.} Rg8 28. Nd2 {[%emt 0:02:02] White is much more active.} g4 ({Better is} 28... Na4 29. Rc2 (29. Rxc4 dxc4 30. Qg3 c3 $16) 29... Bd3) 29. h4 (29. Nxh6 $6 Na4 30. Nxg8 Nxc3 $14) (29. Bxh6 Bd3 $16) 29... Na4 {[%emt 0:02:37] [#]} 30. Rxc4 dxc4 31. Ne4 (31. Bxh6 Bxh6 32. Bxc6 (32. Nxh6 Nxd4 33. Nxg8 Nb2 $17) 32... Qxc6 $15) 31... a5 ({Don't go for} 31... Nxe5 $2 32. Bf4 $18 (32. Bxh6 $2 {perishes.} Nf3+ 33. Bxf3 gxf3+ 34. Ng7 Ka8 $19)) (31... g3 $142 32. Qf4 (32. Nexg3 Nb6 $16) 32... Ka8) 32. Qf4 $18 (32. Nxh6 g3 33. Qf4 (33. Nxg3 Bxh6 34. Bxh6 Nc3 $16) 33... Bxh6 34. Qxh6 c3 $14 (34... Nxe5 $2 35. Bf4 $18)) 32... Ka8 33. Qf1 (33. Nxh6 Bxh6 34. Qxh6 Nxe5 $17) 33... axb4 $2 (33... Rh8 34. Rb1 axb4 35. axb4 g3) 34. axb4 (34. Bxh6 Nb2 (34... bxa3 35. Bxf8 Rgxf8 36. Ned6 $15) 35. Bxf8 Nxe5 (35... Nxd1 36. Ned6 $11) 36. Bxb4 Nf3+ 37. Bxf3 gxf3+ 38. Nfg3 f2+ 39. Kxf2 Rg4 $11) 34... Bxb4 35. Ra1 ({Less strong is} 35. Nxh6 Rgf8 36. Nf5 (36. Nxg4 Nc3 $16) 36... Nc3 $18) 35... Na5 $2 (35... Kb8 36. Qf4 (36. Bxh6 Nxd4 37. Nxd4 Rxd4 $11) 36... Ba5) 36. Rb1 Nc6 37. Ned6 Qa5 {[%emt 0:00:50] [#]} 38. Nxb7 $1 Kxb7 (38... Qa6 39. Nxd8) 39. Qxc4 Rc8 40. Rxb4+ Nb6 41. Qxf7+ (41. Nd6+ $142 Kb8 42. Bxc6 Rc7 43. d5 (43. Nxf7 Rxc6 44. Qxc6 Qxb4 $18) (43. Bxh6 g3 $18) 43... Rb7 44. Nxb7 Qa1+ 45. Qc1 Qxc1+ 46. Bxc1) 41... Kb8 {[%emt 0:33:02] White is clearly winning.} 42. Rb1 {[%emt 0:00:08][%cal Og2c6] aiming for Bxc6!.} Rgd8 43. Qb3 Ka7 44. d5 {[%emt 0:00:10] Weighted Error Value: White=0.38/Black=1.22  Mistake:       	White=5     	Black=8      Inaccurate:     	White=2     	Black=5      OK:         	White=13    	Black=9      Best:        	White=2     	Black=2      Strong:       	White=1     	---} 1-0

[Event "Karel Janecek Open 2025"]
[Site "Prague"]
[Date "2025.02.27"]
[Round "1.4"]
[White "Dzoba, Demian"]
[Black "Sasikiran, Krishnan"]
[Result "0-1"]
[Annotator "TA"]
[ECO "E19"]
[WhiteElo "2002"]
[BlackElo "2548"]
[PlyCount "76"]
[EventDate "2025.02.21"]
[EventType "swiss"]
[EventCountry "CZE"]
[SourceTitle "playchess.com"]
[Source "ChessBase"]
[SourceQuality "1"]
[TimeControl "40/5400+30:1800+30"]

1. d4 Nf6 2. c4 e6 3. Nf3 b6 4. g3 Ba6 5. Qa4 Bb7 6. Bg2 Be7 7. Nc3 O-O 8. O-O Ne4 9. Qc2 Nxc3 10. Qxc3 d6 11. b3 Nd7 12. Bb2 a5 {[%emt 0:04:13] E19: Queen's Indian: Old Main Line with 7...Ne4 8 Qc2 Nxc3 8 Qxc3.} 13. Qc2 f5 14. Nd2 $146 (14. Ne1 $14 Bxg2 15. Nxg2 (15. Kxg2 c5 $11)) ({Predecessor:} 14. Ne1 Bxg2 15. Nxg2 Bf6 16. Rae1 Qe7 17. e4 fxe4 18. Nf4 g5 19. Ng2 d5 20. cxd5 exd5 21. Qc6 Qd6 22. Qxd6 cxd6 23. Ne3 a4 24. Bc3 Bg7 25. Nxd5 {½-½ Costa,F (2168)-Valo,T (2126) W-ch WS/M/847 email 2022}) 14... Bxg2 $11 {[%emt 0:07:54] The position is equal.} 15. Kxg2 c5 16. e4 cxd4 17. Bxd4 f4 18. f3 Bf6 19. Qc3 Be5 20. Bxe5 Nxe5 21. Rf2 (21. Rad1 $15) 21... Qf6 (21... a4 $17) 22. Rd1 $15 h5 23. Nf1 h4 24. gxf4 (24. Rxd6 $11 Rfd8 25. Rfd2 (25. Rxb6 $2 Rd3 $19) 25... Rxd6 26. Rxd6) 24... Qxf4 $17 {[%emt 0:02:29][%cal Oh4h3] Black attacks} 25. h3 {[%emt 0:05:45][%cal Oc3e3] [#]} Rf6 $1 {[%emt 0:06:36][%cal Bf8f6,Bf6g6,Bg6g3][%mdl 32] Threatens to win with ...Raf8. Black is more active.} 26. Qe3 Rg6+ 27. Kh1 Rf8 28. Qxf4 Rxf4 29. Nh2 (29. Rxd6 Rxf3 (29... Nxf3 30. Rg2 $17) 30. Rdd2 Rxh3+ 31. Nh2 Rgg3 $19) 29... Rg3 $40 {[%emt 0:00:31][%csl LRf3,LRh3][%mdl 128] Black wants a kill.} 30. Rxd6 Rxh3 31. Rxe6 $2 {[%emt 0:05:44][%mdl 8192] This costs White the game.} (31. Kg2 $17 {is tougher.} Rg3+ 32. Kh1) 31... Rfxf3 $19 ({Less strong is} 31... Nxf3 32. Rxb6 g5 33. e5 $19) 32. Rxf3 (32. Kg2 $142 Rxh2+ 33. Kxh2 Ng4+ (33... Rxf2+ $2 34. Kh3 $19) 34. Kg2 Rxf2+ (34... Nxf2 $2 {too greedy.} 35. Kxf3 Nd3 36. Rxb6 $18) 35. Kh3) 32... Nxf3 $17 {[%emt 0:00:07][%csl Gf3][%cal Rh3h2][%mdl 4096] [#] Endgame KRN-KRN} 33. Kg2 Rg3+ (33... Rxh2+ 34. Kxf3 Rxa2 35. Kg4 $15) 34. Kf2 Nxh2 35. Rxb6 Ng4+ 36. Kf1 h3 {[%emt 0:00:11] ( -> ...h2)} 37. Rb8+ Kh7 38. Rb5 Kg6 {[%emt 0:01:00] Weighted Error Value: White=0.95/Black=0.12 (very precise)   Loses game:     	White=1     	---        Mistake:       	White=4     	Black=1      Inaccurate:     	White=3     	Black=3      OK:         	White=5     	Black=3      Best:        	White=4     	Black=5      Strong:       	---       	Black=1} 0-1

[Event "Karel Janecek Open 2025"]
[Site "Prague"]
[Date "2025.02.27"]
[Round "1.5"]
[White "Vetoshko, Volodymyr"]
[Black "Janik, Marek Tobias"]
[Result "1-0"]
[Annotator "TA"]
[ECO "A37"]
[WhiteElo "2529"]
[BlackElo "2002"]
[PlyCount "79"]
[EventDate "2025.02.21"]
[EventType "swiss"]
[EventCountry "CZE"]
[SourceTitle "playchess.com"]
[Source "ChessBase"]
[SourceQuality "1"]
[TimeControl "40/5400+30:1800+30"]

1. c4 c5 2. Nf3 Nc6 3. g3 g6 4. Bg2 Bg7 5. Nc3 d6 6. O-O e5 7. a3 Nge7 8. Rb1 a5 {[%emt 0:00:10] A37: Symmetrical English vs ...g6: 4 Bg2 Bg7 5 Nf3.} 9. d3 h6 10. Ne1 Be6 {[%emt 0:02:28] White has an edge.} 11. Nd5 O-O 12. Nc2 Nd4 13. Nxd4 Bxd5 14. cxd5 exd4 15. b4 axb4 $146 (15... Qb6 16. Bd2 cxb4 17. Qa4 Rfc8 18. axb4 axb4 19. Rxb4 Qa6 20. Qd7 Re8 21. Qxb7 Qxb7 22. Rxb7 {1-0 Carneiro,V (1927)-Dos Santos,T (2034) Bauru op U2200 2010 (5)}) 16. axb4 b6 17. h4 Nf5 18. Be4 Qd7 19. Bf4 Kh7 (19... Rfe8 $14) 20. bxc5 bxc5 21. Rb6 Be5 {[%emt 0:00:46] White leaves nothing to chance now.} (21... Rfe8 $14) 22. Qc1 Rfe8 {[%emt 0:05:16][%cal Of5h4,Bf8e8,Be8e7,Be7e5][%mdl 32] [#]} 23. h5 $1 Re7 (23... Qd8 24. Rb7) 24. Qd2 Rae8 (24... Ree8 $16 25. Kg2 Bg7) 25. Rfb1 $18 {[%emt 0:01:17] Black is weak on the light squares} Qc8 (25... Rc8 {is a better defense.} 26. Qc1 c4) 26. hxg6+ fxg6 27. Bxe5 Rxe5 28. Qf4 {[%emt 0:00:21] g4 is the strong threat.} Qd8 $2 (28... Kg7 29. Rb7+ R5e7) 29. Rb7+ {[%emt 0:02:23] White is clearly winning.} R8e7 30. g4 Ng7 31. Qf6 Rxe4 32. dxe4 Rxb7 33. Qxd8 Rxb1+ {[%emt 0:00:06][%mdl 4096] Endgame KQ-KRN} 34. Kg2 c4 35. Qxd6 d3 36. exd3 cxd3 37. Qf4 Rb2 38. Kf3 g5 39. Qe5 d2 40. Ke2 {[%emt 0:00:11] Weighted Error Value: White=0.05 (flawless) /Black=0.97  Mistake:       	---       	Black=5      Inaccurate:     	---       	Black=2      OK:         	White=9     	Black=4      Best:        	White=2     	Black=1      Brilliant:      	White=1     	---} ({Not} 40. Qxb2 d1=Q+ (40... d1=B+ $2 {perishes.} 41. Kg3 $18) 41. Qe2 Qh1+ 42. Ke3 Ne8 $19) 1-0

[Event "Karel Janecek Open 2025"]
[Site "Prague"]
[Date "2025.02.27"]
[Round "1.6"]
[White "Avadhoot Lokesh Bhakti Brahme"]
[Black "Raja Rithvik R"]
[Result "0-1"]
[Annotator "TA"]
[ECO "D30"]
[WhiteElo "2000"]
[BlackElo "2522"]
[PlyCount "76"]
[EventDate "2025.02.21"]
[EventType "swiss"]
[EventCountry "CZE"]
[SourceTitle "playchess.com"]
[Source "ChessBase"]
[SourceQuality "1"]
[TimeControl "40/5400+30:1800+30"]

1. d4 d5 2. c4 e6 3. Nf3 c6 4. g3 dxc4 5. Bg2 b5 6. Ne5 {[%emt 0:02:36] D30: Queen's Gambit Declined: Systems without Nc3.} Bb7 7. a4 {[%emt 0:00:51] [#]} a6 8. O-O {[%emt 0:11:48] The position is equal.} Nf6 9. b3 (9. axb5 axb5 10. Rxa8 Bxa8 11. Nc3) 9... cxb3 10. Qxb3 Qxd4 11. Bb2 {[%emt 0:00:35] White sacrificed a pawn. A sharp opening} Qb4 12. Qc2 {[%emt 0:00:14] [#] and axb5 would now be decisive} (12. Qxb4 Bxb4 13. axb5 axb5 14. Rxa8 Bxa8 15. Na3) 12... Qc5 13. Qd3 {[%emt 0:11:02] 13.Qd3 scores better than 13.Qb3.} (13. Qxc5 {simplifies} Bxc5 14. Rc1 Nbd7 15. Nd3) 13... Be7 14. Rd1 $146 (14. Nd2 Nd5 15. Rfc1 Qb6 16. Nec4 bxc4 17. Nxc4 Nb4 18. Qb1 Qc5 19. Bxg7 Rg8 20. Qxh7 Rxg7 21. Qxg7 {1-0 Esipenko,A (2675)-Keymer,V (2690) Duesseldorf WR Masters 2023 (1)}) 14... O-O 15. Na3 Qb6 (15... bxa4 16. Bd4 Qa5 17. Nac4 $11) 16. Qf3 (16. Qb3 $1 $15) 16... Ra7 {[%emt 0:04:50] And now ...c5 would win.} (16... bxa4 17. Nec4 (17. Nac4 Qb3 $11) 17... Qc5 18. Bd4 $16) 17. Ng4 $2 {[%emt 0:02:53] Now White is beyond hope.} (17. Qb3 $15 Ba8 18. Bd4) 17... c5 $19 (17... bxa4 $2 {too greedy.} 18. Nxf6+ (18. Bxf6 c5 $18) 18... gxf6 19. Bxf6 Bxf6 20. Qxf6 $18) 18. Qf4 Nxg4 19. Qxg4 g6 20. Qf4 Bxg2 21. Kxg2 Nc6 22. Rab1 Nd4 23. f3 Rd8 (23... Nxe2 24. Qe5 Nd4 25. Rxd4 $17) 24. Nc4 Qc7 ({But not} 24... bxc4 25. Bxd4) 25. Qxc7 Rxc7 26. axb5 axb5 27. Bxd4 Rxd4 28. Rxd4 cxd4 {[%emt 0:00:04][%mdl 4096] Endgame KRB-KRN. Black is two pawns up.} 29. Ne5 b4 30. Kf2 Bd6 31. Nd3 e5 32. Ke1 f5 33. Rb2 Rb7 34. Nf2 Kf7 {[%emt 0:00:23] Black is clearly winning.} 35. Kd2 Ke6 36. Kd3 Kd5 37. e4+ dxe3 38. Nd1 f4 {[%emt 0:00:14] Weighted Error Value: White=0.29 (precise) /Black=0.07 (flawless)   Loses game:     	White=1     	---        Mistake:       	White=1     	---        Inaccurate:     	White=3     	Black=2      OK:         	White=11    	Black=23     Best:        	White=1     	---} 0-1

[Event "Karel Janecek Open 2025"]
[Site "Prague"]
[Date "2025.02.27"]
[Round "1.7"]
[White "Beerdsen, Thomas"]
[Black "Korszanski, Stanislaw"]
[Result "1-0"]
[Annotator "TA"]
[ECO "C48"]
[WhiteElo "2511"]
[BlackElo "1998"]
[PlyCount "75"]
[EventDate "2025.02.21"]
[EventType "swiss"]
[EventCountry "CZE"]
[SourceTitle "playchess.com"]
[Source "ChessBase"]
[SourceQuality "1"]
[TimeControl "40/5400+30:1800+30"]

1. e4 e5 2. Nf3 Nc6 3. Nc3 Nf6 4. Bb5 Bc5 5. Nxe5 Nxe5 6. d4 Bd6 {[%emt 0:00:07] C48: Four Knights: 4 Bb5, replies other than 4...Bb4.} 7. O-O c6 8. dxe5 Bxe5 {[%emt 0:00:05] The position is equal.} 9. Bd3 O-O 10. h3 h6 $146 (10... Re8 $15) ({Predecessor:} 10... Re8 11. Re1 Qa5 12. a4 d6 13. Bd2 Bd7 14. f4 Bd4+ 15. Kh2 Qd8 16. Qf3 a5 {1-0 Goehring,D-Berles,R Theme 23231 freechess.de 2021}) 11. Qf3 Re8 12. Bf4 Bxc3 13. bxc3 d5 14. e5 (14. Rfd1 $5) 14... Nd7 15. Qh5 Nc5 16. Rae1 Nxd3 17. cxd3 d4 {[%emt 0:01:16] Against Re3} 18. c4 b5 19. cxb5 (19. Bxh6 $5 gxh6 20. f4 $14) 19... cxb5 20. Bd2 a5 {[%emt 0:07:55] [#]} (20... Qd5 $11) 21. f4 $1 $16 {[%emt 0:05:34] White is more active.} Qd5 22. f5 {[%emt 0:12:49][%cal Od2h6] Bxh6! would now be deadly.} Rxe5 $2 (22... Qxa2 23. Bxh6 gxh6 24. Qxh6 $18) (22... Bb7 $1 $11 {and Black is okay.} 23. Qg4 h5) 23. Rxe5 $18 Qxe5 24. Re1 Qf6 {[%emt 0:00:21][%cal Oc8d7] [#]} 25. Re8+ $1 Kh7 26. Rf8 Bb7 (26... Qxf5 $142 27. Qxf5+ (27. Qxf7 Qxf7 28. Rxf7 Be6 $17) 27... Bxf5 28. Rxa8 Bxd3 29. Rxa5 (29. Bxa5 Bc4 $18) 29... Kg6) 27. Rxf7 Qc6 {[%emt 0:00:12][%csl Gb7][%cal Rc6g2] [#]} 28. Qg6+ Qxg6 29. fxg6+ Kxg6 30. Rxb7 {[%emt 0:00:06][%mdl 4096] Endgame KRB-KR} b4 31. Rb5 Ra6 32. Kf2 Rf6+ 33. Ke2 Rf5 (33... Re6+ $142 34. Kd1 Ra6) 34. Rxf5 Kxf5 35. Kd1 Ke5 36. Kc2 {[%emt 0:00:04] Threatening mate with Kb3.} Kd5 37. Kb3 Kc5 38. a3 {[%emt 0:00:14] Weighted Error Value: White=0.07 (flawless) /Black=0.66  Loses game:     	---       	Black=2      Mistake:       	---       	Black=4      Inaccurate:     	White=4     	Black=2      OK:         	White=10    	Black=9      Best:        	White=4     	Black=1      Strong:       	White=2     	---} 1-0

[Event "Karel Janecek Open 2025"]
[Site "Prague"]
[Date "2025.02.27"]
[Round "1.8"]
[White "Monteverde, Jonathan"]
[Black "Noe, Christopher"]
[Result "0-1"]
[Annotator "TA"]
[ECO "E32"]
[WhiteElo "1998"]
[BlackElo "2511"]
[PlyCount "70"]
[EventDate "2025.02.21"]
[EventType "swiss"]
[EventCountry "CZE"]
[SourceTitle "playchess.com"]
[Source "ChessBase"]
[SourceQuality "1"]
[TimeControl "40/5400+30:1800+30"]

1. d4 Nf6 2. c4 e6 3. Nc3 Bb4 4. Qc2 O-O 5. Nf3 b6 6. e4 d5 7. e5 Ne4 8. Bd3 Bb7 9. O-O Bxc3 10. bxc3 c5 11. cxd5 exd5 12. Nd2 {[%emt 0:00:31] E32: Nimzo-Indian: Classical (4 Qc2): 4...0-0.} Nxd2 (12... f5 $16) 13. Bxh7+ $18 {[%emt 0:09:30] A sharp opening A strong pair of Bishops.} (13. Bxd2 h6 14. dxc5 bxc5 $16) (13. Qxd2 $6 Ba6 $16) 13... Kh8 14. Bxd2 {[%emt 0:00:07] White is clearly better.} cxd4 15. cxd4 $146 (15. Qf5 Qh4 16. Bg6 Nc6 17. Bxf7 dxc3 18. Bxc3 d4 19. Bd2 Ne7 20. Qh5+ Qxh5 21. Bxh5 {1-0 Harazinska,M (1902)-Borkowski,K (2006) Mazowiec-chT 1718 2017 (5.2)}) 15... Nc6 {[%emt 0:04:11] [#]} (15... Qh4 $142) 16. Bd3 $1 Qh4 17. f4 Nxd4 18. Qc3 (18. Qb2 $142 Ne6 19. Rf3 (19. f5 Qd4+ 20. Qxd4 Nxd4 $18)) 18... Ne6 19. f5 d4 20. Qc2 (20. Qa3 $18 Nc5 21. Rf4) 20... Qg4 $1 $14 21. Bc1 (21. fxe6 $2 Qxg2#) 21... Rac8 $1 22. Qd2 Rc3 {[%emt 0:03:09][%cal Oc3d3] And now ...Rxd3! would win.} 23. fxe6 {[%emt 0:02:55] [#]} (23. h3 $11 Qg3 24. fxe6 Rxd3 25. Qe2) 23... Rxd3 $1 $40 {[%emt 0:00:07][%mdl 128] White is in trouble.} 24. Qg5 {[%emt 0:00:12] White is weak on the light squares} Qxe6 25. Bf4 (25. Bb2) 25... Rc3 (25... Kg8 $17 26. a4 Rc3) 26. Rac1 ({White should play} 26. Bd2 $1 $15) 26... Rc5 {[%emt 0:01:26] Active counter play!} (26... Re8 $142 27. h4 Qxa2) 27. Bd2 (27. Rcd1 $17) 27... Rxe5 $19 ({Don't do} 27... Qxa2 28. Ra1 Qd5 29. Rxa7 $17) 28. Qh4+ Kg8 29. Qxd4 $2 {[%emt 0:00:13] [#]} (29. Qg3 {is tougher.}) 29... Re4 $1 {[%emt 0:00:55] Black is clearly winning.} 30. Qb2 (30. Qd3 $142 Re2 (30... Qxa2 $2 31. Rc7 $19) 31. Rf2 Rxf2 32. Kxf2) 30... Re2 31. Rf2 Rxf2 32. Kxf2 Qe4 33. Rg1 Rc8 (33... Qh4+ $142 34. Ke2 Re8+ (34... Qxh2 $2 35. Qd4 $19) 35. Kd1 Qf2 (35... Qxh2 $2 36. Qd4 $19)) 34. Qb3 Qf5+ 35. Kg3 Rd8 {[%emt 0:00:08] Weighted Error Value: White=1.27/Black=0.41  Missed win:     	White=1     	---        Mistake:       	White=7     	Black=4      Inaccurate:     	White=1     	Black=1      OK:         	White=6     	Black=4      Best:        	White=1     	Black=3      Strong:       	White=1     	Black=3      Brilliant:      	---       	Black=1} 0-1